 Dungeon Sprint DCSS version 0.28-a0-247-gb8bfbab023 (webtiles) character file.

Game seed: 5395449166654422263

107 MikeHunt the Insei (level 4, -4/35 HPs)
             Began as a Demonspawn Monk on Aug 25, 2021.
             Slain by Sigmund (12 damage)
             ... in the Dungeon (Sprint I: "Red Sonja").
             The game lasted 00:00:44 (169 turns).

MikeHunt the Insei (Demonspawn Monk)                 Turns: 169, Time: 00:00:44

Health: -4/35      AC:  5    Str: 12    XL:     4   Next: 57%
Magic:  4/4        EV: 12    Int: 11    God:
Gold:   0          SH:  0    Dex: 16    Spells: 3/3 levels left

rFire   . . .      SeeInvis .     - Unarmed
rCold   . . .      Faith    .   (no shield)
rNeg    . . .      Spirit   .   f - +0 ring mail
rPois   .          Reflect  .   (helmet restricted)
rElec   .          Harm     .   (no cloak)
rCorr   .          Rampage  .   (no gloves)
Will    .....      NoTele   +   (no boots)
Stlth   +.........              (no amulet)
HPRegen 0.11/turn               (no ring)
MPRegen 0.09/turn               (no ring)

@: no status effects
A: antennae 1
a: no special abilities


You were in the Dungeon.
You visited 1 branch

Inventory:

Armour
 a - a +0 robe
 f - a +0 ring mail (worn)
Scrolls
 g - a scroll of blinking
Potions
 b - a potion of curing
 e - 2 potions of magic


   Skills:
 - Level 3.0 Fighting
 + Level 4.3 Armour
 - Level 4.5 Dodging
 - Level 1.7 Stealth
 + Level 6.5 Unarmed Combat


You had 3 spell levels left.
You didn't know any spells.
Your spell library was empty.

Dungeon Overview and Level Annotations

Branches:
Dungeon (1/1)

Altars:

Annotations:
D Sigmund


Innate Abilities, Weirdness & Mutations

You have a pair of small antennae on your head.


Message History

You hit Sigmund.
Sigmund is moderately wounded.
You closely miss Sigmund.
Sigmund is moderately wounded.
You hit Sigmund but do no damage.
Sigmund is moderately wounded.
Your extra speed is starting to run out.
Sigmund barely misses you.
You hit Sigmund.
Sigmund is moderately wounded.
You closely miss Sigmund.
Sigmund is moderately wounded.
Sigmund gestures wildly while chanting.
Sigmund flickers and vanishes!
Deactivating autopickup; reactivate with Ctrl-A.
No target in view!
No target in view!
No target in view!
You miss something. You barely miss something.
You hear some strange, mumbled words.
A magic dart appears from out of thin air!
The magic dart hits you.
You barely miss something. You hit something.
Something hits you but does no damage.
You hit something. You miss something. Something hits you.
You hit something.
You feel yourself slow down.
You miss something.
You hear some strange, mumbled words.
A magic dart appears from out of thin air!
The magic dart hits you!
You closely miss something. Something hits you.
You hit something. You closely miss something. Something hits you!
* * * LOW HITPOINT WARNING * * *
You barely miss something. You barely miss something. Something hits you!
You die...

################
#<.#..').#.{'$$#
#..)..#..'.@#
#..#####+####
#..# #..# #..#
#⌠⌠# ####


There were no monsters in sight!

Vanquished Creatures
  An ogre (D)
  Ijyb (D)
2 creatures vanquished.

Notes
Turn   | Place    | Note
-------+----------+-------------------------------------------
     0 | D        | MikeHunt the Demonspawn Monk began the quest for the Orb.
     0 | D        | Reached XP level 1. HP: 18/18 MP: 1/1
     1 | D        | Noticed Ijyb
    11 | D        | Killed Ijyb
    12 | D        | Reached skill level 4 in Unarmed Combat
    12 | D        | Gained mutation: You have a pair of small antennae on your
                  | head. [demonic ancestry]
    12 | D        | Reached XP level 2. HP: 23/24 MP: 2/2
   120 | D        | Noticed an ogre
   137 | D        | Killed an ogre
   138 | D        | Reached skill level 6 in Unarmed Combat
   138 | D        | Reached XP level 3. HP: 29/29 MP: 3/3
   138 | D        | Reached XP level 4. HP: 35/35 MP: 4/4
   140 | D        | Noticed Sigmund
   169 | D        | Slain by Sigmund

Illustrated notes

Levels and vault maps discovered:
D:        dungeon_sprint_1 [red_sonja_temple_1, red_sonja_temple_small_1]

Skill      XL: |  1  2 |
---------------+-------+-----
Dodging        | 4 |  4.5
Unarmed Combat | 4 6 |  6.5
Armour         | 4 |  4.3
Fighting       | |  3.0
Stealth        | |  1.7

Action                   |  1- 3 |  4- 6 || total
-------------------------+-------+-------++-------
Melee: Unarmed           |    24 |    25 ||    49
       Punch             |     2 |       ||     2
  Use: Potion            |     3 |       ||     3
Armor: Ring mail         |       |     2 ||     2
Dodge: Dodged            |     6 |     4 ||    10

Table legend: (Time is in decaauts)
 A = Elapsed time spent in this place.
 B = Non-inter-level travel time spent in this place.
 C = Inter-level travel time spent in this place.
 D = Time resting spent in this place.
 E = Time spent auto-exploring this place.
 F = Levels seen in this place.
 G = Mean time per level.
                   A        B        C        D        E       F      G
               +--------+--------+--------+--------+--------+-----+--------+
         Total |    164 |    164 |      0 |    103 |      0 |   1 |  164.0 |
       Dungeon |    164 |    164 |      0 |    103 |      0 |   1 |  164.0 |
               +--------+--------+--------+--------+--------+-----+--------+

Top non-repeatable levels by time:
       D: 164 daAuts
